 Dungeon Crawl Stone Soup version 0.18-a0-988-gb7d270e (webtiles) character file.

100330 ChainedDjango the Warrior (level 15, -4/152 HPs)
             Began as a Minotaur Fighter on Jan 3, 2016.
             Was the Champion of Okawaru.
             Shot with an arrow by a naga sharpshooter (14 damage)
             ... led by Vashnia
             ... on level 2 of the Snake Pit.
             The game lasted 00:53:06 (27439 turns).

ChainedDjango the Warrior (Minotaur Fighter)       Turns: 27439, Time: 00:53:07

Health: -4/152     AC: 22    Str: 30    XL:     15   Next: 80%
Magic:  22/22      EV: 17    Int:  5    God:    Okawaru [******]
Gold:   3230       SH:  0    Dex: 10    Spells: 0 memorised, 14 levels left

rFire  . . .     SeeInvis .     w - +13 sword of the Doom Knight {pain, -Cast MR+}
rCold  + . .     Gourm    .     T - +3 chain mail {rPois}
rNeg   . . .     Faith    .     (shield currently unavailable)
rPois  +         Spirit   .     Q - +1 hat "Siruetatz" {MR+ Slay+3}
rElec  .         Dismiss  +     C - +0 cloak
rCorr  .         Reflect  .     Y - +2 pair of gloves {Str+3}
SustAt .         Harm     .     p - +1 pair of boots {run}
MR     +++..     NoCast   +     S - amulet of dismissal
Stlth  ..........               n - +3 ring of evasion
                                i - ring of protection from cold

@: lethally poisoned (-4 -> -5), quick, extremely resistant to hostile
enchantments, extremely unstealthy
A: retaliatory headbutt, horns 2
a: Heroism, Finesse, Renounce Religion


You were on level 2 of the Snake Pit.
You worshipped Okawaru.
Okawaru was exalted by your worship.
You were very hungry.

You visited 5 branches of the dungeon, and saw 28 of its levels.
You also visited: Bailey and Ice Cave.

You collected 3292 gold pieces.
You spent 62 gold pieces at shops.

Inventory:

Hand Weapons
 e - the +9 trident "Toyschets" {pierce, rPois}
   (You found it on level 4 of the Lair of Beasts)

   It inflicts extra damage upon your enemies.
   It protects you from poison.
 w - the +13 sword of the Doom Knight (weapon) {pain, -Cast MR+}
   (You found it on level 5 of the Dungeon)

   In the hands of one skilled in necromantic magic, it inflicts extra damage on
   living creatures.
   It affects your resistance to hostile enchantments.
   It prevents spellcasting.
Missiles
 v - 3 throwing nets (quivered)
 I - 21 tomahawks
 O - 184 bolts
Armour
 p - a +1 pair of boots of running (worn)
 q - a +0 pearl dragon armour
 s - the +8 chain mail "Goothr Sirir" {Dex+2}
   (You found it on level 5 of the Lair of Beasts)

   It affects your dexterity (+2).
 C - a +0 cloak (worn)
 Q - the +1 hat "Siruetatz" (worn) {MR+ Slay+3}
   (Okawaru gifted it to you on level 4 of the Lair of Beasts)

   It affects your accuracy and damage with ranged weapons and melee attacks
   (+3).
   It affects your resistance to hostile enchantments.
 T - a +3 chain mail of poison resistance (worn)
 Y - a +2 pair of gloves of strength (worn)
Jewellery
 i - a ring of protection from cold (left hand)
 n - a +3 ring of evasion (right hand)
 S - an amulet of dismissal (around neck)
Wands
 t - a wand of cold (13/15)
 H - a wand of disintegration (4/24)
 L - a wand of paralysis (11/24)
Scrolls
 b - 6 scrolls of enchant armour
 c - 10 scrolls of identify
 h - 9 scrolls of teleportation
 y - 8 scrolls of remove curse
 D - 4 scrolls of magic mapping
 G - 4 scrolls of enchant weapon
 J - a scroll of fog
 K - 4 scrolls of amnesia
 U - 2 scrolls of fear
Potions
 d - a potion of agility
 j - 6 potions of haste
 k - a potion of might
 l - 5 potions of invisibility
 r - 8 potions of curing
 u - 4 potions of brilliance
 x - 2 potions of resistance
 A - a potion of berserk rage
 E - a potion of cure mutation
 F - 6 potions of flight
 N - 4 potions of heal wounds
 V - a potion of magic
Comestibles
 a - 16 slices of pizza
 f - 14 bread rations
 g - 2 royal jellies
 m - 21 fruits
 o - 11 meat rations
 z - 8 beef jerkies


   Skills:
 * Level 19.5 Fighting
 - Level 18.5 Long Blades
   Level 2.4 Axes
 - Level 10.0 Armour
 - Level 13.1 Dodging
   Level 3.6 Shields
 - Level 11.2 Invocations


You had 14 spell levels left.
You didn't know any spells.

Dungeon Overview and Level Annotations

Branches:
Dungeon (15/15)            Temple (1/1) D:5            Lair (8/8) D:8
 Shoals (0/4) Lair:4        Snake (2/4) Lair:4        Slime (0/6) Lair:7
    Orc (2/2) D:11            Elf (0/3) Orc:2        Vaults (0/5) D:13
 Depths (0/5) D:15

Altars:
Elyvilon
Fedhas
Kikubaaqudgha
Nemelex Xobeh
Okawaru
Pakellas
Qazlal
Ru
Sif Muna
Trog
The Shining One
Beogh
Jiyva

Shops:
D:4 [   D:8 (   D:13 [   D:14 =   Orc:2 *(!*

Portals:
Trove: D:14 (give +3 gold dragon armour)

Annotations:
D:9 exclusion: moth of wrath
Snake:2 Vashnia


Innate Abilities, Weirdness & Mutations

You reflexively headbutt those who attack you in melee.
You have a pair of horns on your head.


Message History

You hear a shout!
You slice the naga sharpshooter!! You headbutt the naga sharpshooter.
The naga sharpshooter is severely wounded.
Vashnia blinks!
The naga sharpshooter shoots a bolt.
The bolt hits you!
* * * LOW HITPOINT WARNING * * *
You are too injured to fight recklessly!
Unknown command.
The naga sharpshooter mumbles some strange words.
The naga sharpshooter magically shoots an arrow.
The arrow hits you!
* * * LOW HITPOINT WARNING * * *
You see here 2 arrows.
The naga sharpshooter mumbles some strange words.
The naga sharpshooter magically shoots a bolt.
The bolt hits you!!
* * * LOW HITPOINT WARNING * * *
The naga sharpshooter casts a spell.
The naga sharpshooter magically shoots an arrow.
The arrow hits you!
You die...

##......# .##
#..N.NN.. ..#
#...N.... #.#
#NNS..S.# #.#
#>N....# ###.####
#(# #......# #(#
#......# #(#
#..<@..# #(#
#....((###(####.#
#......NSN......#
#.)....#....#####
#......#....#
#......#.......
#......#....###
########....#
#...[#


You could see 2 naga sharpshooters and a black mamba.

Vanquished Creatures
  An acid blob (Lair:7)
  Louise (D:15)
  Snorg (Lair:6)
  A fire dragon (Lair:8)
  Fannar (Lair:1)
  2 naga warriors (Snake:1)
  An ogre mage (D:15)
  2 centaur warriors
  5 anacondas (Snake:1)
  3 hydras
  A catoblepas (D:14)
  3 death yaks (Lair:7)
  6 orc high priests (Orc:2)
  Urug (Lair:2)
  A shock serpent (Snake:1)
  8 skeletal warriors (D:15)
  An unseen horror (D:12)
  9 hill giants
  A naga ritualist (Snake:1)
  2 wizards
  A wolf spider zombie (D:12)
  A faun (Lair:3)
  11 orc knights
  4 deep elf magi
  2 mana vipers (Snake:1)
  2 griffons
  A manticore (D:15)
  3 orc sorcerers
  3 ugly things
  3 cyclopes
  8 elephants
  2 centaur zombies
  A naga mage (D:15)
  7 torpor snails (Lair:8)
  A guardian serpent (Snake:1)
  14 black mambas
  9 spiny frogs
  2 gargoyles
  14 komodo dragons
  7 fire drakes
  A polar bear (shapeshifter) (D:15)
  2 polar bears (Lair:4)
  3 trolls
  A hornet zombie (D:14)
  5 two-headed ogres
  4 giant leeches (Lair:8)
  6 blink frogs (Lair:6)
  A slime creature (Lair:7)
  A vampire (D:15)
  8 wyverns
  A shadow (D:15)
  The ghost of ChainedDjango the Firebug, an amateur DEFE of Vehumet (D:5)
  5 large abominations (D:15)
  Sigmund (D:5)
  3 fire bats (Lair:1)
  19 yaks
  A steam dragon (D:10)
  A human (D:7)
  Grum (D:11)
  2 wraiths
  8 vampire mosquitoes
  8 hippogriffs
  2 basilisks
  26 wolves
  An insubstantial wisp (Lair:6)
  A mottled dragon (D:15)
  A soldier ant (D:11)
  2 wargs
  4 nagas
  15 water moccasins
  7 small abominations (D:15)
  14 porcupines
  4 sky beasts
  3 necrophages (D:12)
  44 orc warriors
  4 wasps (Lair:8)
  12 ice beasts
  3 eyes of draining
  A black bear (D:11)
  A centaur (D:9)
  16 ogres
  A phantom (D:7)
  13 crocodiles
  4 big kobolds (D:11)
  17 giant frogs
  A wyvern zombie (D:12)
  3 scorpions (D:13)
  16 wights
  8 crimson imps
  4 giant frog zombies
  5 jellies
  2 hounds
  A giant frog skeleton (D:7)
  19 orc priests
  9 centaur skeletons
  17 orc wizards
  8 iguanas
  10 worker ants
  22 sheep
  2 hound skeletons
  17 gnolls
  13 adders
  20 river rats
  4 shadow imps
  12 white imps (Lair:1)
  2 oozes (D:2)
  23 worms
  A giant gecko (D:4)
  123 orcs
  A ball python (D:3)
  8 giant cockroaches
  9 hobgoblins
  4 jackals
  12 kobolds
  3 quokkas (D:3)
  6 bats
  2 giant newts
  11 goblins
  11 rats
  A bush (D:12)
  2 fungi
  3 plants
841 creatures vanquished.

Vanquished Creatures (collateral kills)
  A porcupine (Lair:2)
1 creature vanquished.

Vanquished Creatures (others)
  A bush (Lair:8)
  7 fungi
  12 plants
20 creatures vanquished.

Grand Total: 862 creatures vanquished

Notes
Turn   | Place    | Note
--------------------------------------------------------------
     0 | D:1      | ChainedDjango the Minotaur Fighter began the quest for the Orb.
     0 | D:1      | Reached XP level 1. HP: 19/19 MP: 0/0
    47 | D:1      | Reached skill level 4 in Fighting
    98 | D:1      | Reached XP level 2. HP: 24/28 MP: 1/1
   691 | D:2      | Reached skill level 5 in Fighting
   771 | D:2      | Reached XP level 3. HP: 36/36 MP: 2/2
   897 | D:2      | Found a sparkling altar of Nemelex Xobeh.
  1177 | D:3      | Reached XP level 4. HP: 40/44 MP: 3/3
  1178 | D:3      | Reached skill level 6 in Fighting
  1584 | D:3      | Reached skill level 7 in Fighting
  1584 | D:3      | Reached XP level 5. HP: 48/52 MP: 4/4
  1649 | D:3      | Found a faded altar to an unknown god.
  2270 | D:3      | You fall through a shaft!
  2336 | D:4      | Found Wuneyky's Armour Shop.
  2586 | D:4      | Noticed a phantom
  2592 | D:4      | Found a sparkling altar of Nemelex Xobeh.
  3111 | D:5      | Entered Level 5 of the Dungeon
  3553 | D:5      | Reached skill level 8 in Fighting
  3553 | D:5      | Reached XP level 6. HP: 59/61 MP: 5/5
  4063 | D:5      | Reached skill level 9 in Fighting
  4153 | D:5      | Found a staircase to the Ecumenical Temple.
  4164 | Temple   | Entered the Ecumenical Temple
  4172 | Temple   | Became a worshipper of Warmaster Okawaru
  4189 | D:5      | Noticed a sky beast
  4201 | D:5      | Killed a sky beast
  4201 | D:5      | Reached XP level 7. HP: 33/71 MP: 6/6
  4413 | D:5      | Noticed Sigmund
  4418 | D:5      | Killed Sigmund
  4418 | D:5      | Reached * piety under Okawaru
  4418 | D:5      | Reached skill level 10 in Fighting
  4419 | D:5      | Found an oddly glowing altar of Pakellas.
  4484 | D:5      | Noticed ChainedDjango's ghost (amateur DEFE)
  4490 | D:5      | Killed ChainedDjango's ghost
  4490 | D:5      | Reached skill level 11 in Fighting
  4649 | D:5      | Reached skill level 5 in Armour
  4649 | D:5      | Reached XP level 8. HP: 82/82 MP: 7/7
  4828 | D:6      | Reached ** piety under Okawaru
  4901 | D:6      | Found a white marble altar of Elyvilon.
  5869 | D:7      | Reached XP level 9. HP: 89/89 MP: 8/8
  5922 | D:7      | Reached skill level 10 in Armour
  6122 | D:8      | Reached *** piety under Okawaru
  6123 | D:8      | Noticed a fire drake
  6132 | D:8      | Killed a fire drake
  6132 | D:8      | Reached skill level 5 in Dodging
  6134 | D:8      | Found a staircase to the Lair.
  6379 | D:8      | Found Cikhojep's Weapon Boutique.
  6454 | Lair:1   | Entered Level 1 of the Lair of Beasts
  6460 | Lair:1   | Found a frozen archway.
  6701 | IceCv    | Entered an ice cave
  6728 | IceCv    | Reached **** piety under Okawaru
  6861 | IceCv    | Noticed an ice statue
  6861 | IceCv    | Noticed an ice statue
  7038 | Lair:1   | Noticed a komodo dragon
  7043 | Lair:1   | Killed a komodo dragon
  7069 | Lair:1   | Reached XP level 10. HP: 5/95 MP: 9/9
  7570 | Lair:1   | Noticed Fannar
  7601 | Lair:1   | HP: 3/95 [Fannar/quarterstaff of freezing (9)]
  7606 | Lair:1   | Killed Fannar
  7606 | Lair:1   | Reached ***** piety under Okawaru
  7606 | Lair:1   | Reached skill level 10 in Dodging
  8537 | Lair:2   | Received a gift from Okawaru
  8791 | Lair:2   | Reached skill level 12 in Dodging
  8912 | Lair:2   | Noticed Urug
  8927 | Lair:2   | Killed Urug
  8927 | Lair:2   | Reached skill level 13 in Dodging
  8927 | Lair:2   | Reached XP level 11. HP: 26/102 MP: 8/10
  9583 | Lair:2   | Reached skill level 1 in Long Blades
  9992 | Lair:3   | Received a gift from Okawaru
 10182 | Lair:3   | Reached skill level 5 in Long Blades
 10186 | Lair:3   | HP: 3/102 [porcupine's spines (11)]
 11417 | Lair:4   | Received a gift from Okawaru
 11417 | Lair:4   | Reached skill level 10 in Long Blades
 11420 | Lair:4   | Got a pitted hat {god gift}
 11426 | Lair:4   | Identified the +1 hat "Siruetatz" {MR+ Slay+3} (Okawaru gifted it to you on level 4 of the Lair of Beasts)
 11439 | Lair:4   | Found a staircase to the Snake Pit.
 11728 | D:9      | Reached skill level 1 in Invocations
 12359 | D:9      | Found a bloodstained altar of Trog.
 12839 | D:10     | Entered Level 10 of the Dungeon
 13217 | D:10     | Noticed a hill giant
 13343 | D:10     | Reached XP level 12. HP: 110/110 MP: 13/13
 13403 | D:11     | Found a staircase to the Orcish Mines.
 13616 | D:11     | Reached skill level 5 in Invocations
 13808 | D:11     | Noticed Grum
 13816 | D:11     | Killed Grum
 14312 | Orc:1    | Entered Level 1 of the Orcish Mines
 14488 | Orc:1    | Found a roughly hewn altar of Beogh.
 14702 | Orc:2    | Entered Level 2 of the Orcish Mines
 14702 | Orc:2    | Noticed an orc high priest
 14712 | Orc:2    | Killed an orc high priest
 14905 | Orc:2    | Found a staircase to the Elven Halls.
 15207 | Orc:2    | Noticed an orc high priest
 15215 | Orc:2    | Killed an orc high priest
 15280 | Orc:2    | Reached skill level 10 in Invocations
 15628 | Orc:2    | Received a gift from Okawaru
 15873 | Orc:2    | Noticed an orc high priest
 15874 | Orc:2    | Noticed an orc high priest
 15882 | Orc:2    | Killed an orc high priest
 15887 | Orc:2    | Killed an orc high priest
 15953 | Orc:2    | Reached XP level 13. HP: 98/116 MP: 20/20
 16050 | Orc:2    | Found Ziewyji's General Store.
 16051 | Orc:2    | Found Fitax's Assorted Antiques.
 16051 | Orc:2    | Found Uqihonk's Antique Weapon Shop.
 16052 | Orc:2    | Found Woasaaj's Distillery.
 16058 | Orc:2    | Bought a potion of curing for 39 gold pieces
 16059 | Orc:2    | Bought a scroll labeled MECUDA MEAH for 23 gold pieces
 16722 | Lair:4   | Found a staircase to the Shoals.
 16850 | Lair:4   | Got an ancient trident
 16851 | Lair:4   | Identified the +9 trident "Toyschets" {pierce, rPois} (You found it on level 4 of the Lair of Beasts)
 17863 | Lair:6   | Noticed Snorg
 17872 | Lair:6   | Killed Snorg
 17883 | Lair:6   | Reached skill level 14 in Long Blades
 18350 | Lair:6   | Received a gift from Okawaru
 18790 | Lair:6   | Reached skill level 15 in Long Blades
 19171 | Lair:7   | Found a runed door.
 19171 | Lair:7   | Found a viscous altar of Jiyva.
 19173 | Lair:7   | Noticed an acid blob
 19178 | Lair:7   | Found a staircase to the Slime Pits.
 19188 | Lair:7   | Killed an acid blob
 19207 | Lair:7   | Reached XP level 14. HP: 59/124 MP: 21/21
 19657 | Lair:7   | Reached skill level 16 in Long Blades
 19850 | Lair:7   | Received a gift from Okawaru
 19872 | Lair:7   | Identified a +1 pair of boots of running (Okawaru gifted it to you on level 7 of the Lair of Beasts)
 20454 | Lair:8   | Entered Level 8 of the Lair of Beasts
 20703 | Lair:8   | Found a runed door.
 20709 | Lair:8   | Reached skill level 17 in Long Blades
 20791 | Lair:5   | Got an ichor-stained chain mail
 20802 | Lair:5   | Identified the +8 chain mail "Goothr Sirir" {Dex+2} (You found it on level 5 of the Lair of Beasts)
 22078 | D:12     | Reached skill level 18 in Long Blades
 22390 | D:12     | Found a blossoming altar of Fedhas.
 23043 | D:13     | Found a flagged portal.
 23054 | Bailey   | Entered a bailey
 24066 | D:13     | Found Zyucwaal's Armour Boutique.
 24344 | D:13     | Reached ****** piety under Okawaru
 24378 | D:13     | Received a gift from Okawaru
 24428 | D:13     | Found a gate to the Vaults.
 24579 | D:13     | Found a deep blue altar of Sif Muna.
 24611 | D:14     | Reached XP level 15. HP: 109/138 MP: 15/22
 24847 | D:14     | Reached skill level 15 in Fighting
 24904 | D:14     | Found Cosh's Jewellery Boutique.
 24982 | D:14     | Found a portal to a secret trove of treasure.
 25245 | D:15     | Entered Level 15 of the Dungeon
 25245 | D:15     | Noticed Louise
 25509 | D:15     | Found a staircase to the Depths.
 25587 | D:15     | Killed Louise
 26159 | D:15     | Received a gift from Okawaru
 26809 | Snake:1  | Entered Level 1 of the Snake Pit
 26967 | Snake:1  | Reached skill level 19 in Fighting
 27413 | Snake:2  | Noticed Vashnia
 27439 | Snake:2  | Shot with an arrow by a naga sharpshooter

Vault maps used:
D:1:      nicolae_arrival_memento_mori, hangedman_abyss_or_decor_stabs
D:2:      nemelex_dance_club_becter
D:3:      first_bread, ecumenical_altar_2, grunt_ministairs_1
D:4:      nicolae_overflow_hidden_temple, serial_shops, nicolae_shop_stone,
          minmay_goblin_outpost
D:5:      grunt_pakellas_sulfur, minmay_temple_entry_hall, uniq_sigmund
D:6:      elyvilon_altar_3
D:7:      grunt_livestock, serial_bayou_ford_a, minmay_misc_feat_ornament
D:8:      minmay_lair_entry_lava, serial_shops, shop_fountains,
          kennysheep_flooded_box
D:9:      tgw_trog
D:11:     orc_0_dummy, special_room, roderic_lattice_a, nicolae_zen_rock_garden,
          uniq_grum
D:12:     hex_tiny, fedhas_altar_decomposition
D:13:     david_vaults_1, serial_shops, shop_fountains, enter_bailey_2,
          lemuel_blue_sif_altar
D:14:     serial_shops, kennysheep_mini_moat, minmay_misc_feat_secret_circle,
          enter_trove_3
D:15:     grunt_enter_depths_magical_seal, interstate_on_off, laboratory,
          uniq_louise
Temple:   triangle_lava_temple_12
Lair:1:   nicolae_volcano_entry_batcave, portal_ice_cave_entry_imps, uniq_fannar
Lair:2:   grunt_megastairs_1, uniq_urug
Lair:3:   grunt_forest_large_clearings
Lair:4:   elwin_shoals_entry_rocks, guppyfry_snake_entry_island, st_stairs_8,
          beast_lair_carwin_8
Lair:5:   infiniplex_staircase_pool_2
Lair:6:   small_statue_intersection, pond, uniq_snorg
Lair:7:   slime_altar_2
Lair:8:   wormcave, grunt_megastairs_5
Snake:2:  st_stairs_10, uniq_vashnia
Orc:1:    basic_altar
Orc:2:    st_orc_pillars
Bailey:   bailey_polearm_2, bailey
IceCv:    ice_cave_statue_garden_01

Action                   |  1- 3 |  4- 6 |  7- 9 | 10-12 | 13-15 || total
-------------------------+-------+-------+-------+-------+-------++-------
Melee: War axe           |    97 |   167 |       |       |       ||   264
       Falchion          |       |    22 |       |       |       ||    22
       Great sword       |       |    35 |   167 |   553 |   963 ||  1718
       Trident           |       |       |       |       |    62 ||    62
Invok: Heroism           |       |       |       |    12 |    19 ||    31
       Finesse           |       |       |       |     4 |     3 ||     7
Evoke: Wand              |       |       |     3 |     1 |     1 ||     5
  Use: Scroll            |     5 |     3 |     5 |     9 |    20 ||    42
       Potion            |     2 |       |     1 |     1 |       ||     4
 Stab: Invisible         |       |       |       |     8 |       ||     8
  Eat: Chunk             |       |     8 |     7 |    27 |    35 ||    77
       Pizza             |       |     1 |       |       |       ||     1
       Royal jelly       |       |     1 |       |       |       ||     1
       Beef jerky        |       |       |     2 |       |     1 ||     3
       Fruit             |       |       |       |     2 |       ||     2
